 Dungeon Crawl Stone Soup version 0.25.1-2-g60ff931df9 (webtiles) character file.

Game seed: 1028535095885128807

187 nagaaym the Poker (level 5, -1/46 HPs)
             Began as a Minotaur Gladiator on Aug 25, 2020.
             Slain by an orc
             ... wielding a +1 flail of holy wrath
              (3 damage)
             ... on level 3 of the Dungeon.
             The game lasted 00:24:44 (2644 turns).

nagaaym the Poker (Minotaur Gladiator)              Turns: 2644, Time: 00:24:45

Health: -1/46      AC:  5    Str: 19    XL:     5   Next: 39%
Magic:  0/4        EV: 13    Int:  5    God:
Gold:   149        SH:  0    Dex: 12    Spells: 4/4 levels left

rFire    . . .     SeeInvis .   a - +0 trident
rCold    . . .     Gourm    .   (no shield)
rNeg     . . .     Faith    .   t - +1 leather armour
rPois    .         Spirit   +   c - +0 hat
rElec    .         Reflect  .   l - +0 cloak
rCorr    .         Harm     .   (no gloves)
MR       .....                  (no boots)
Stlth    +.........             j - amulet of guardian spirit
HPRegen  0.15/turn              (no ring)
MPRegen  0.09/turn              (no ring)

@: berserk cooldown, slowed, very slow
A: retaliatory headbutt, horns 2
a: no special abilities


You were on level 3 of the Dungeon.
You were hungry.

You visited 1 branch of the dungeon, and saw 3 of its levels.

You collected 149 gold pieces.

Inventory:

Hand Weapons
 a - a +0 trident (weapon)
 r - a +2 dagger of protection
 y - a +0 hunting sling
Missiles
 d - 3 throwing nets
 e - 41 arrows
 h - 16 bolts
 i - 40 stones (quivered)
 x - 13 sling bullets
Armour
 c - a +0 hat (worn)
 l - a +0 cloak (worn)
 t - a +1 leather armour (worn)
Magical Staves
 w - an uncursed staff of fire {unknown}
Jewellery
 j - an amulet of guardian spirit (around neck)
 o - an uncursed amulet of the acrobat {unknown}
 u - an uncursed ring of ice
Scrolls
 g - a scroll of teleportation
 q - a scroll of enchant armour
Potions
 k - a potion of magic {unknown}
 n - a potion of curing
 p - 2 potions of haste {unknown}
 s - a potion of cancellation {unknown}
 v - a potion of might {unknown}
Comestibles
 b - 6 chunks of flesh
 f - 4 rations


   Skills:
 + Level 3.6 Fighting
 + Level 5.5 Polearms
 + Level 2.1 Throwing
 + Level 2.2 Armour
 + Level 4.0 Dodging
 + Level 0.7 Stealth


You had 4 spell levels left.
You didn't know any spells.
Your spell library was empty.

Dungeon Overview and Level Annotations

Branches:
Dungeon (3/15)

Altars:
Hepliaklqana


Innate Abilities, Weirdness & Mutations

You reflexively headbutt those who attack you in melee.
You have a pair of horns on your head.


Message History

The floor.
You feel a strong urge to attack something.
You feel your anger nearly subside.
You are no longer berserk.
You are exhausted.
You feel yourself slow down.
The phantom blinks!
The orc closely misses you.
You hit the orc.
The orc is moderately wounded.
The orc closely misses you. The phantom hits you.
* * * LOW HITPOINT WARNING * * *
The phantom hits you.
The phantom blinks!
The orc hits you with a +1 flail of holy wrath.
* * * LOW HITPOINT WARNING * * *
You closely miss the orc.
The orc is moderately wounded.
The orc barely misses you.
You closely miss the orc.
The orc is moderately wounded.
The orc hits you with a +1 flail of holy wrath.
You die...

#.###.# ########.#
#.# # #....).).# #.#
..#########........#
#.#
#..................#
#.#
#......[.........(#
#.#
##....?..W....$....#
#..
..........>........#
###
#.....@o..........#
##.####......######
#.## #....))# ..#
#....).# #.#
#......#
#.###..>...#
#####..##......#
#..............#
#.........#+####


You could see a phantom and an orc.

Vanquished Creatures
  An orc priest (D:3)
  9 adders
  An ooze (D:2)
  A worm (D:3)
  5 leopard geckos
  3 orcs (D:3)
  4 giant cockroaches
  5 goblins
  10 hobgoblins
  4 jackals
  A quokka (D:2)
  A ball python (D:1)
  4 bats
  4 frilled lizards
  8 kobolds
  5 rats
66 creatures vanquished.

Notes
Turn   | Place    | Note
-------+----------+-------------------------------------------
     0 | D:1      | nagaaym the Minotaur Gladiator began the quest for the Orb.
     0 | D:1      | Reached XP level 1. HP: 18/18 MP: 0/0
   391 | D:1      | Reached XP level 2. HP: 25/25 MP: 1/1
   415 | D:1      | Reached skill level 4 in Polearms
  1393 | D:1      | Reached XP level 3. HP: 29/30 MP: 2/2
  1688 | D:2      | Reached skill level 1 in Armour
  1688 | D:2      | Reached XP level 4. HP: 34/38 MP: 3/3
  1970 | D:2      | Found a hazy altar of Hepliaklqana.
  2079 | D:2      | Reached skill level 5 in Polearms
  2488 | D:3      | Reached XP level 5. HP: 45/45 MP: 4/4
  2612 | D:3      | Found a faded altar of an unknown god.
  2612 | D:3      | Noticed a phantom
  2640 | D:3      | HP: 2/46 [phantom (5)]
  2644 | D:3      | Slain by an orc

Illustrated notes

Levels and vault maps discovered:
D:1:      nzn_arrival_settlement, layout_basic, minmay_pentomino_v2
D:2:      layout_rooms, lemuel_crystal_altar, hex_large, minmay_quantized
D:3:      layout_basic, first_ration, chequers_ecumenical_altar_simple

Skill      XL: |  1  2  3  4  5 |
---------------+----------------+-----
Polearms       | 4 5 |  5.5
Fighting       | 3 |  3.6
Armour         | 1 2 |  2.2
Dodging        | 4 |  4.0
Throwing       | |  2.1
Stealth        | |  0.7

Action                   |  1- 3 |  4- 6 || total
-------------------------+-------+-------++-------
Melee: Trident           |    94 |    63 ||   157
       Headbutt          |     8 |     9 ||    17
       Dagger            |     8 |     5 ||    13
Throw: Throwing net      |     2 |       ||     2
       Stone             |       |    11 ||    11
  Use: Scroll            |       |     8 ||     8
       Potion            |       |     2 ||     2
 Stab: Distracted        |     1 |       ||     1
  Eat: Chunk             |     2 |     3 ||     5
Armor: Leather armour    |    20 |    12 ||    32
Dodge: Dodged            |    60 |    45 ||   105
